 Dungeon Crawl Stone Soup version 0.29.1-14-g9c671dbff4 (webtiles) character file.

Game seed: 10306831462830246525

4425 cdecastro the Carver (level 10, -3/76 (93) HPs)
             Began as a Hill Orc Fighter on Feb 13, 2023.
             Was a Believer of Beogh.
             Slain by a wight
             ... wielding a +0 halberd
              (7 damage)
             ... on level 8 of the Dungeon.
             The game lasted 00:13:13 (10037 turns).

cdecastro the Carver (Hill Orc Fighter)            Turns: 10037, Time: 00:13:13

HP:   -3/76 (93)    AC: 11    Str: 22    XL:     10   Next: 36%
MP:   10/10         EV:  9    Int:  8    God:    Beogh [**....]
Gold: 291           SH:  0    Dex: 12    Spells: 9/9 levels left

rFire   + + .      SeeInvis .   U - +8 trident of the Octopus King {venom, rElec rPois}
rCold   . . .      Faith    .   (no shield)
rNeg    . . .      Spirit   .   b - +0 scale mail
rPois   +          Reflect  .   t - +0 helmet
rElec   +          Harm     .   o - +0 cloak
rCorr   .          Rampage  .   l - +0 pair of gloves
Will    .....                   O - +0 pair of boots {Fly}
Stlth   ..........              (no amulet)
HPRegen 0.22/turn               d - ring of protection from fire
MPRegen 0.12/turn               F - ring of protection from fire

@: about to teleport, flying, heavily drained
A: no striking features
a: Renounce Religion, Smiting


You were on level 8 of the Dungeon.
You worshipped Beogh.
Beogh was pleased with you.
You visited 2 branches of the dungeon, and saw 9 of its levels.

You collected 361 gold pieces.
You spent 70 gold pieces at shops.

Inventory:

Hand Weapons
 B - the +6 long sword of Vur Ladduodu {drain, Str+2}
   (You found it on level 3 of the Dungeon)

   A truly terrible weapon, it drains the life of any living foe it strikes.
   Str:       It affects your strength (+2).
 U - the +8 trident of the Octopus King (weapon) {venom, rElec rPois}
   (You found it on level 6 of the Dungeon)

   It poisons the flesh of those it strikes.
   rElec:     It insulates you from electricity.
   rPois:     It protects you from poison.
Missiles
 e - 10 atropa-tipped darts (quivered)
 m - 5 poisoned darts
 W - 3 boomerangs of dispersal
 Y - 2 boomerangs
Armour
 b - a +0 scale mail (worn)
 c - a +0 buckler
 l - a +0 pair of gloves (worn)
 o - a +0 cloak (worn)
 t - a +0 helmet (worn)
 O - a +0 pair of boots of flying (worn)
Magical Staves
 X - a staff of earth
Jewellery
 d - a ring of protection from fire (left hand)
 F - a ring of protection from fire (right hand)
 R - the ring of Tuufarai {rC- AC+4 Str+3 Int+2}
   (You found it on level 6 of the Dungeon)

   [ring of protection]

   AC:        It affects your AC (+4).
   Str:       It affects your strength (+3).
   Int:       It affects your intelligence (+2).
   rC:        It makes you vulnerable to cold.
 V - a ring of ice
Wands
 y - a wand of paralysis (8)
 G - a wand of light (18)
 L - a wand of iceblast (1)
Scrolls
 f - 2 scrolls of enchant weapon {unknown}
 h - 2 scrolls of fog {unknown}
 i - 4 scrolls of teleportation
 k - 7 scrolls of identify
 r - a scroll of blinking {unknown}
 s - 2 scrolls of noise {unknown}
 u - a scroll of enchant armour {unknown}
 x - 4 scrolls of amnesia {unknown}
 E - 3 scrolls of brand weapon {unknown}
 I - a scroll of immolation {unknown}
 P - a scroll of poison {unknown}
 Q - a scroll of torment {unknown}
 S - a scroll of silence {unknown}
 T - a scroll of fear {unknown}
Potions
 g - 3 potions of berserk rage
 n - 5 potions of curing {unknown}
 p - 2 potions of ambrosia {unknown}
 q - 2 potions of degeneration {unknown}
 v - 3 potions of flight {unknown}
 w - a potion of haste {unknown}
 A - 3 potions of heal wounds {unknown}
 C - 3 potions of attraction {unknown}
 J - 2 potions of lignification {unknown}
 K - 2 potions of mutation {unknown}
 Z - a potion of brilliance {unknown}


   Skills:
 - Level 10.0 Fighting
 - Level 10.0 Long Blades
 - Level 8.8(10.1) Axes
 + Level 6.4(8.0) Polearms
 - Level 3.2 Armour
 - Level 3.2 Shields


You had 9 spell levels left.
You didn't know any spells.
Your spell library contained the following spells:

 Spells                   Type           Power      Damage    Failure   Level
 Beastly Appendage        Tmut           0%         N/A       75%         1
 Ensorcelled Hibernation  Hex/Ice        0%         N/A       86%         2
 Wereblood                Tmut           0%         N/A       86%         2
 Gell's Gravitas          Tloc           0%         N/A       98%         3
 Spider Form              Tmut/Pois      0%         N/A       98%         3
 Teleport Other           Tloc           0%         N/A       98%         3
 Airstrike                Air            0%         2d(0-16)  100%        4
 Anguish                  Hex/Necr       0%         N/A       100%        4
 Olgreb's Toxic Radiance  Pois           0%         N/A       100%        4
 Summon Lightning Spire   Summ/Air       0%         N/A       100%        4
 Lightning Bolt           Conj/Air       0%         1d11      100%        5
 Dispersal                Tloc           0%         N/A       100%        6
 Ozocubu's Refrigeration  Ice            0%         4d7       100%        7
 Storm Form               Tmut/Air       0%         N/A       100%        7
 Ignition                 Fire           0%         3d3       100%        8
 Maxwell's Capacitive Co  Air            0%         ∞         100%        8


Dungeon Overview and Level Annotations

Branches:
Dungeon (8/15)             Temple (1/1) D:5
   Lair: D:8-11

Altars:
Ashenzari
Cheibriados
Dithmenos
Elyvilon
Fedhas
Gozag
Hepliaklqana
Kikubaaqudgha
Makhleb
Nemelex Xobeh
Okawaru
Qazlal
Ru
Sif Muna
Trog
Uskayaw
Vehumet
Wu Jian
Xom
Yredelemnul
Zin
The Shining One

Shops:
D:2 *

Annotations:
D:2 1 runed translucent door, Crazy Yiuf


Message History

The wight is heavily damaged.
The wight hits you with a +2 battleaxe.
You feel drained. The wight attacks as you move away!
The wight hits you with a +3 scimitar.
You closely miss the wight. The wight barely misses you.
You puncture the wight!
The wight is heavily damaged.
The wight hits you with a +3 scimitar!
You feel drained.
You hit the wight but do no damage.
The wight is heavily damaged.
The wight hits you with a +3 scimitar!
You feel drained.
You barely miss the wight.
The wight is heavily damaged.
The wight hits you with a +3 scimitar!
* * * LOW HITPOINT WARNING * * *
You feel drained.
* * * LOW HITPOINT WARNING * * *
You hit the wight.
The wight is severely damaged.
The wight hits you with a +3 scimitar!
* * * LOW HITPOINT WARNING * * *
You impale the wight!!
You destroy the wight!
Beogh accepts your kill.
You puncture the wight!
The wight is heavily damaged.
The wight hits you from afar with a +0 halberd!
* * * LOW HITPOINT WARNING * * *
You feel drained.
* * * LOW HITPOINT WARNING * * *
As you read the scroll labelled YGOTHITZOA, it crumbles to dust.
It is a scroll of identify.
i - 5 scrolls of teleportation The wight hits you from afar with a +0 halberd!
* * * LOW HITPOINT WARNING * * *
You feel drained.
Okay, then.
As you read the scroll of teleportation, it crumbles to dust.
You feel strangely unstable. The wight closely misses you.
The wight hits you from afar with a +0 halberd!
You die...

## ##.###.####.#### ..
##...## #.# #. ##### #.####
##.## #.#... ...# #÷<...
.#####..# ###... .)....zz#
##.# #z# ###.# #####@# #...#
#.....# #...# #.##### #.#
#...# #.# ##..# #######.##
###.####....###...###)#
####.....#...)##.......#.##
.......#.#.....##.....##.....
.####..#.#....##......##...##
##..........##............##


You could see 3 wights.

Vanquished Creatures
  A two-headed ogre (D:7)
  Pikel (D:5)
  Prince Ribbit (D:6)
  Menkaure (D:4)
  Edmund (D:4)
  A water moccasin (D:4)
  An orc warrior (D:8)
  3 sky beasts
  An ogre (D:5)
  3 centaurs
  2 black bears
  2 lemures (D:5)
  2 gnoll sergeants (D:7)
  2 necrophages
  3 bullfrogs
  A water moccasin zombie (D:4)
  2 scorpions
  4 wights (D:8)
  A water moccasin skeleton (D:4)
  3 killer bees (D:7)
  A howler monkey (D:6)
  2 hounds
  2 orc priests
  A jelly (D:7)
  2 gnoll boudas
  Jessica (D:2)
  4 iguanas
  Ijyb (D:3)
  Terence (D:2)
  Natasha (thrice) (D:3)
  2 orc wizards
  Robin (D:2)
  19 gnolls
  13 adders
  3 white imps
  An ufetubus (D:5)
  5 worms
  The ghost of croobank the Sneak, a weakling OpDe (D:4)
  4 dart slugs
  20 orcs
  7 ball pythons
  5 bats
  4 endoplasms
  5 giant cockroaches
  11 goblins
  10 hobgoblins
  2 jackals (D:5)
  9 kobolds
  A quokka (D:1)
  6 frilled lizards
  4 rats
187 creatures vanquished.

Vanquished Creatures (others)
  An orc priest (D:4)
  An adder (D:4)
  A worm (D:4)
  3 orcs (D:4)
  3 kobolds (D:4)
  4 bushes (D:7)
  3 fungi (D:2)
  A plant (D:2)
17 creatures vanquished.

Grand Total: 204 creatures vanquished

Notes
Turn   | Place    | Note
-------+----------+-------------------------------------------
     0 | D:1      | cdecastro the Hill Orc Fighter began the quest for the Orb.
     0 | D:1      | Reached XP level 1. HP: 19/19 MP: 1/1
   123 | D:1      | Found a faded altar of an unknown god.
   164 | D:1      | Reached XP level 2. HP: 26/26 MP: 2/2
   595 | D:1      | Reached XP level 3. HP: 25/31 MP: 3/3
   760 | D:1      | Reached skill level 5 in Axes
   991 | D:2      | Reached XP level 4. HP: 38/39 MP: 4/4
  1276 | D:2      | Noticed Terence
  1327 | D:2      | Killed Terence
  1781 | D:2      | Reached XP level 5. HP: 42/45 MP: 5/5
  1872 | D:2      | Found Piaxtucy's General Store.
  1872 | D:2      | Noticed Jessica
  1878 | D:2      | Killed Jessica
  1890 | D:2      | Bought a potion of berserk rage for 70 gold pieces
  1949 | D:2      | Identified the +1 leather armour of Lesi Uve {rElec}
  2326 | D:2      | Found a runed translucent door.
  2327 | D:2      | Noticed Crazy Yiuf
  2393 | D:3      | Noticed Robin
  2430 | D:2      | Killed Robin
  2485 | D:3      | Noticed Natasha
  2535 | D:3      | Killed Natasha
  2656 | D:3      | Identified the +1 leather armour of Woiffeof {rPois}
  2882 | D:3      | Reached XP level 6. HP: 48/51 MP: 6/6
  3117 | D:3      | Noticed Ijyb
  3127 | D:3      | Paralysed by Ijyb for 2 turns
  3131 | D:3      | Killed Ijyb
  3202 | D:3      | Noticed Natasha
  3206 | D:3      | Killed Natasha
  3412 | D:3      | Noticed Natasha
  3416 | D:3      | Killed Natasha
  3442 | D:3      | Identified the +6 long sword of Vur Ladduodu {drain, Str+2}
  3503 | D:4      | Noticed Edmund
  3511 | D:4      | Killed Edmund
  3531 | D:4      | Found a runed translucent gate.
  3531 | D:4      | Found a runed translucent gate.
  3531 | D:4      | Found a runed translucent gate.
  3538 | D:4      | Noticed Menkaure
  3549 | D:4      | Killed Menkaure
  3550 | D:4      | Reached XP level 7. HP: 27/57 MP: 7/7
  3793 | D:4      | Noticed croobank's ghost (weakling OpDe)
  3854 | D:4      | Found a hide-covered altar of Uskayaw.
  3855 | D:4      | Noticed a +0 dagger
  3855 | D:4      | Noticed a +0 dagger
  3935 | D:4      | Became a worshipper of Beogh the Brigand
  4192 | D:4      | Reached skill level 5 in Long Blades
  4398 | D:4      | Reached XP level 8. HP: 32/64 MP: 8/8
  4588 | D:4      | Found a shadowy altar of Dithmenos.
  5074 | D:4      | Killed croobank's ghost
  5145 | D:5      | Entered Level 5 of the Dungeon
  5647 | D:5      | Noticed Pikel
  5664 | D:5      | Killed Pikel
  5664 | D:5      | Reached * piety under Beogh
  5665 | D:5      | Reached skill level 10 in Long Blades
  5665 | D:5      | Reached XP level 9. HP: 33/73 MP: 9/9
  5732 | D:5      | Reached skill level 5 in Fighting
  6097 | D:5      | Found a burning altar of Makhleb.
  6097 | D:5      | Found a glowing silver altar of Zin.
  6098 | D:5      | Noticed an angel
  6098 | D:5      | Noticed an Executioner
  6123 | D:5      | Found a staircase to the Ecumenical Temple.
  6141 | Temple   | Entered the Ecumenical Temple
  6938 | D:6      | Identified the ring of Tuufarai {rC- AC+4 Str+3 Int+2}
  7002 | D:6      | Noticed Prince Ribbit
  7022 | D:6      | Killed Prince Ribbit
  7294 | D:6      | Found the +8 trident of the Octopus King {venom, rElec
                  | rPois}
  8379 | D:7      | Found a stormy altar of Qazlal.
  8404 | D:7      | Reached ** piety under Beogh
  8662 | D:7      | Reached skill level 10 in Fighting
  8739 | D:7      | Reached skill level 1 in Polearms
  8820 | D:7      | Reached XP level 10. HP: 91/93 MP: 10/10
  8964 | D:7      | Noticed a two-headed ogre
  8979 | D:7      | Killed a two-headed ogre
  8980 | D:7      | Reached skill level 5 in Polearms
 10036 | D:8      | HP: 3/79 [wight/+0 halberd (9)]
 10037 | D:8      | Slain by a wight

Illustrated notes

Levels and vault maps discovered:
D:1:      evilmike_arrival_fibonacci_small, layout_basic,
          chequers_ecumenical_altar_simple, hangedman_decor_push,
          wander_ebering_terrifying_dragon_lair
D:2:      layout_loops_ring, serial_shops, shop, serial_forest,
          infiniplex_forest_end_1, infiniplex_forest_straight_2,
          infiniplex_forest_lined_room_2, infiniplex_forest_zigzag_2,
          infiniplex_forest_lined_2, infiniplex_forest_clump_small,
          uniq_crazy_yiuf_cottage, uniq_jessica, uniq_terence
D:3:      layout_basic, uniq_robin, uniq_ijyb, uniq_natasha
D:4:      cheibrodos_barr_body, layout_loops_cross, old_standard_altar,
          dancing_weapons_uskayaw, gammafunk_ghost_necromancy,
          solitary_fountain, uniq_menkaure, uniq_edmund
D:5:      layout_basic, grunt_temple_overflow_order_and_chaos_2,
          minmay_temple_entry_poolview, kennysheep_generic_room_3, uniq_pikel
D:6:      layout_gridville, uniq_prince_ribbit1
D:7:      layout_cave_pools, lemuel_tele_altar, minmay_hedge_maze
D:8:      layout_loops_cross, grunt_decor_cap, roderic_cross_of_infinity,
          nrook_mini_backslash
Temple:   nicolae_temple_bog_church

Skill      XL: |  1  2  3  4  5  6  7  8  9 10 |
---------------+-------------------------------+-----
Axes           | 3 4 5 6 8 |  8.8
Long Blades    | 4 6 10 | 10.0
Fighting       | 4 10 | 10.0
Polearms       | 2 6 |  6.4
Armour         | |  3.2
Shields        | |  3.2

Action                   |  1- 3 |  4- 6 |  7- 9 | 10-12 || total
-------------------------+-------+-------+-------+-------++-------
Melee: War axe           |    80 |   161 |       |       ||   241
       Punch             |       |     6 |     3 |       ||     9
       Long sword        |       |     9 |   237 |       ||   246
       Trident           |       |       |    91 |    66 ||   157
Invok: Convert to Beogh  |       |       |     1 |       ||     1
  Use: Potion            |       |     2 |       |     1 ||     3
       Scroll            |       |       |       |     2 ||     2
Armor: Scale mail        |    54 |    98 |   136 |    21 ||   309
Dodge: Dodged            |    38 |    59 |   150 |    24 ||   271
